 Dungeon Crawl Stone Soup version 0.29.1-15-g9cfb28693d (webtiles) character file.

Game seed: 714162953610580805

373 MisterFreud the Changer (level 6, -3/52 HPs)
             Began as a Draconian Transmuter on Apr 24, 2023.
             Splashed by a jelly's acid (12 damage)
             ... on level 4 of the Dungeon.
             The game lasted 00:05:14 (3751 turns).

MisterFreud the Changer (Draconian Transmuter)      Turns: 3751, Time: 00:05:16

Health: -3/52      AC: -14   Str: 12    XL:     6   Next: 43%
Magic:  1/9        EV: 19    Int: 16    God:
Gold:   311        SH:  0    Dex: 22    Spells: 2/9 levels left

rFire   + . .      SeeInvis .     - Unarmed
rCold   . . .      Faith    .   (shield currently unavailable)
rNeg    . . .      Spirit   .   (body armour unavailable)
rPois   x          Reflect  .   (helmet currently unavailable)
rElec   .          Harm     .   (cloak currently unavailable)
rCorr   .          Rampage  .   (gloves currently unavailable)
Will    .....                   (boots currently unavailable)
Stlth   ++........              (no amulet)
HPRegen 0.17/turn               g - ring of protection from fire
MPRegen 0.11/turn               i - +6 ring of dexterity

@: spider-form, corroded
A: venomous fangs, AC +6, tiny, unfitting armour, (cold-blooded)
a: End Transformation


You were on level 4 of the Dungeon.
You were a venomous arachnid creature.
You visited 1 branch of the dungeon, and saw 4 of its levels.

You collected 311 gold pieces.

Inventory:

Missiles
 l - 8 poisoned darts
Jewellery
 g - a ring of protection from fire (left front leg)
 i - a +6 ring of dexterity (right front leg)
 j - a ring of protection from fire
Scrolls
 e - 4 scrolls of teleportation
 n - a scroll of fear
Potions
 a - a potion of lignification
 b - 2 potions of attraction
 c - a potion of degeneration {unknown}
 d - 2 potions of heal wounds
 f - 2 potions of cancellation
 h - a potion of magic {unknown}
 k - a potion of haste {unknown}
 m - a potion of might {unknown}


   Skills:
 + Level 3.7 Fighting
 - Level 1.7 Dodging
 + Level 4.5 Unarmed Combat
 - Level 2.0 Spellcasting
 - Level 5.0 Transmutations


You had 2 spell levels left.
You knew the following spells:

 Your Spells              Type           Power      Damage    Failure   Level
a - Ice Form              Ice/Tmut       9%         N/A       78%         4
b - Spider Form           Tmut/Pois      9%         N/A       43%         3

Your spell library contained the following spells:

 Spells                   Type           Power      Damage    Failure   Level
 Beastly Appendage        Tmut           34%        N/A       10%         1
 Wereblood                Tmut           17%        N/A       13%         2


Dungeon Overview and Level Annotations

Branches:
Dungeon (4/15)
 Temple: D:4-7

Altars:
Ashenzari
Qazlal
Vehumet

Shops:
D:2 *   D:3 !


Innate Abilities, Weirdness & Mutations

You are a venomous arachnid creature.
You have poisonous fangs.
You are tiny and dextrous.
Your spellcasting is less reliable in this form.
Your armour is entirely melded.
You are incapable of wielding weapons or throwing items.
((Your plain brown scales are hard. (AC +6)))
You cannot fit into any form of body armour.
((You are cold-blooded and may be slowed by cold attacks.))


Message History

No target in view!
There is an open door here.
Things that are here:
a hobgoblin corpse; an iguana corpse Your magical contamination has completely faded away.
Your transformation is almost over.
Your transformation has ended.
A jelly comes into view.
A jelly is nearby!
Casting: Spider Form (dangerous; 22% risk of failure)
Confirm with . or Enter, or press ? or * to list all spells.
You turn into a venomous arachnid creature.
You hit the jelly. The acid corrodes you!
Your front legs burn!
The jelly is lightly wounded.
The jelly closely misses you.
You hit the jelly. The acid corrodes you!
Your front legs burn!
The jelly is lightly wounded.
The jelly completely misses you.
You bite the jelly!
Your front legs burn!
The jelly is moderately wounded.
The jelly misses you.
You hit the jelly. The acid corrodes you!
Your front legs burn!
The jelly is heavily wounded.
The jelly misses you.
You hit the jelly but do no damage.
Your front legs burn!
The jelly is heavily wounded.
You hit the jelly but do no damage.
Your front legs burn!
The jelly is heavily wounded.
The jelly jiggles.
The jelly closely misses you.
You hit the jelly but do no damage.
Your front legs burn!
The jelly is heavily wounded.
The jelly hits you. The acid corrodes you!
You are splashed with acid!
You bite the jelly! The acid corrodes you!
Your front legs burn!
* * * LOW HITPOINT WARNING * * *
The jelly is severely wounded.
The jelly hits you.
* * * LOW HITPOINT WARNING * * *
The acid corrodes you!
You are splashed with acid!
You die...

... ... #.# ... ...
#.# #.# #.# #.# #.#
#.# ##†## #.# ##...##
#†#### ##....s##
#.##.## ##......J#
#.#...####.........#
.....................
#.....####.........###
###..## ##.......##
#.## ##.....## #.#
##...## ... #.##


You could see a jelly.

Vanquished Creatures
  An ogre (D:3)
  A scorpion (D:4)
  A gnoll bouda (D:4)
  Terence (D:2)
  An iguana (D:4)
  Robin (D:2)
  An adder (D:2)
  3 gnolls (D:4)
  A worm (D:3)
  3 dart slugs
  5 bats
  7 endoplasms
  2 giant cockroaches (D:1)
  18 goblins
  7 hobgoblins
  7 jackals (D:3)
  9 kobolds
  4 quokkas (D:1)
  11 ball pythons
  4 frilled lizards
  10 rats
98 creatures vanquished.

Notes
Turn   | Place    | Note
-------+----------+-------------------------------------------
     0 | D:1      | MisterFreud the Draconian Transmuter began the quest for
                  | the Orb.
     0 | D:1      | Reached XP level 1. HP: 16/16 MP: 3/3
   177 | D:1      | Reached XP level 2. HP: 11/23 MP: 5/5
   392 | D:1      | Reached skill level 3 in Transmutations
   652 | D:1      | Reached XP level 3. HP: 22/28 MP: 4/6
  1055 | D:2      | Learned a level 3 spell: Spider Form
  1074 | D:2      | Noticed Robin
  1107 | D:3      | Reached skill level 4 in Transmutations
  1184 | D:2      | Killed Robin
  1185 | D:2      | Reached XP level 4. HP: 24/35 MP: 2/7
  1419 | D:2      | Noticed Terence
  1428 | D:2      | Killed Terence
  1878 | D:2      | Found Byaheih's General Store.
  2058 | D:2      | Found a faded altar of an unknown god.
  2074 | D:2      | Reached skill level 5 in Transmutations
  2316 | D:3      | Noticed an ogre
  2614 | D:3      | Killed an ogre
  2615 | D:3      | Reached XP level 5. HP: 42/42 MP: 5/8
  2703 | D:3      | Found Tesikk's Distillery.
  2842 | D:3      | Found a broken altar of Ashenzari.
  2842 | D:3      | Found a stormy altar of Qazlal.
  3048 | D:3      | Learned a level 4 spell: Ice Form
  3055 | D:3      | Found a radiant altar of Vehumet.
  3257 | D:4      | Reached XP level 6. HP: 44/51 MP: 6/9
  3751 | D:4      | Splashed by a jelly's acid

Illustrated notes

Levels and vault maps discovered:
D:1:      psy_arrival_terrarium, layout_rooms, minmay_vboxes
D:2:      layout_loops_ring, serial_shops, shop,
          hellmonk_ecumenical_altar_arch_garden, uniq_robin, uniq_terence
D:3:      layout_rooms, vehumet_crystals, gammafunk_temple_overflow_elements,
          serial_shops, shop_coins
D:4:      layout_loops_corners, kennysheep_mini_moat

Skill      XL: |  1  2  3  4  5 |
---------------+----------------+-----
Transmutations | 3 4 5 |  5.0
Fighting       | 2 3 |  3.7
Unarmed Combat | 4 |  4.5
Dodging        | |  1.7
Spellcasting   | |  2.0

Action                   |  1- 3 |  4- 6 || total
-------------------------+-------+-------++-------
Melee: Unarmed           |   142 |   172 ||   314
       Tailslap          |    17 |    16 ||    33
       Kick              |     9 |       ||     9
       Headbutt          |     5 |     2 ||     7
       Punch             |     2 |     2 ||     4
 Cast: Beastly Appendage |    11 |     3 ||    14
       Spider Form       |     2 |     9 ||    11
  Use: Scroll            |     4 |    10 ||    14
 Stab: Sleeping          |     1 |     3 ||     4
Armor: Skin              |    43 |    37 ||    80
Dodge: Dodged            |    94 |   102 ||   196
